 Dungeon Crawl Stone Soup version 0.30-a0-365-ge7f957f1db (webtiles) character file.

Game seed: 5258272390639030145

135 qeuew the Shooter (level 5, -3/31 HPs)
             Began as a Tengu Hunter on Nov 17, 2022.
             Killed by divine providence
             ... invoked by an orc priest
              (14 damage)
             ... on level 2 of the Dungeon.
             The game lasted 00:02:16 (1910 turns).

qeuew the Shooter (Tengu Hunter)                    Turns: 1910, Time: 00:02:16

Health: -3/31      AC:  3    Str: 11    XL:     5   Next: 18%
Magic:  6/6        EV: 15    Int:  9    God:
Gold:   130        SH:  0    Dex: 20    Spells: 4/4 levels left

rFire   . . .      SeeInvis .    a - +1 shortbow
rCold   . . .      Faith    .    (shield currently unavailable)
rNeg    . . .      Spirit   .    c - +0 leather armour
rPois   .          Reflect  .    (helmet restricted)
rElec   .          Harm     .    (no cloak)
rCorr   .          Rampage  .    (no gloves)
Will    .....                    (boots unavailable)
Stlth   ++........               (no amulet)
HPRegen 0.25/turn                (no ring)
MPRegen 0.10/turn                (no ring)

@: flying quickly and evasively, studying Poison Magic, quick
A: beak, talons 3, nimble flight, mutation resistance 1
a: no special abilities


You were on level 2 of the Dungeon.
You visited 1 branch of the dungeon, and saw 3 of its levels.

You collected 143 gold pieces.
You spent 13 gold pieces at shops.

Inventory:

Hand Weapons
 a - a +1 shortbow (weapon)
Armour
 c - a +0 leather armour (worn)
Scrolls
 e - a scroll of enchant weapon
Potions
 d - a potion of curing
 f - a potion of heal wounds


   Skills:
 + Level 2.6 Fighting
 * Level 5.5 Ranged Weapons
 + Level 1.8 Armour
 + Level 3.0 Dodging
 - Level 2.0 Stealth


You had 4 spell levels left.
You didn't know any spells.
Your spell library was empty.

Dungeon Overview and Level Annotations

Branches:
Dungeon (3/15)

Altars:

Shops:
D:1 (   D:2 !

Annotations:
D:2 1 runed translucent door, Crazy Yiuf


Innate Abilities, Weirdness & Mutations

You have a beak for a mouth.
You have claws for feet.
Your magical nature lets you fly swiftly and evasively.
You are somewhat resistant to further mutation.


Message History

The orc priest is heavily wounded.
The bat closely misses you. The orc priest misses you.
The gnoll closely misses you.
You shoot an arrow.
The arrow hits the orc priest but does no damage.
The orc priest is heavily wounded.
The bat misses you. The gnoll closely misses you. The bat misses you.
The orc priest hits you with a +0 hand axe.
The kobold hits you with a +0 short sword.
You are too injured to fight recklessly!
The bat hits you but does no damage. The gnoll barely misses you.
The kobold closely misses you. The orc priest misses you.
You fly upwards.
Level annotation: 1 runed translucent door, Crazy Yiuf
There is a stone staircase leading down, spattered with blood here.
Unknown command.
Fire: a) +1 shortbow
Press: ? - help, Q - select action Shift-Dir - straight line, f - orc priest
Aim: an orc priest, wielding a +0 hand axe and wearing a +0 leather armour (heavily wounded, 66% to hit)
You shoot an arrow. The arrow hits the orc priest.
The orc priest is heavily wounded.
The kobold hits you with a +0 short sword.
The orc priest closely misses you.
Fire: a) +1 shortbow
Press: ? - help, Q - select action Shift-Dir - straight line, f/p - orc priest
Aim: an orc priest, wielding a +0 hand axe and wearing a +0 leather armour (heavily wounded, 66% to hit)
You shoot an arrow.
The arrow closely misses the orc priest.
The kobold hits you with a +0 short sword.
The orc priest barely misses you. The orc priest misses you.
The kobold hits you but does no damage.
Fire: a) +1 shortbow
Press: ? - help, Q - select action Shift-Dir - straight line, f/p - orc priest
Aim: an orc priest, wielding a +0 hand axe and wearing a +0 leather armour (heavily wounded, 66% to hit)
You shoot an arrow.
The arrow hits the orc priest but does no damage.
The orc priest is heavily wounded.
The orc priest calls down the wrath of Beogh upon you.
Beogh smites you!
You die...

#.#........###.######## #..#
## #.#........# #.# ###..#
#.
#.#........###[########...##
##
#.#......####...........#.##
#. #.##.#####
#..#####....#..# #P #.##.#
#..#####.##.#### #. #.##.#
##..#.....##.# #.
#.##.#######.K[[.######.# #.
#.##.......#'#@.......#.# #.
#.########.'∩[o##.......# #.
#.# #.#+#..#.####.## #. #.#
#.#.##.#.# #.#### #. #.#
#.#..#.#.# #....# #. #.#
#.#..#.#.# ####.####. #.#
#.#.<#.#.# #....'. #.#
#.#).†.#.# ##########.
##.#### #......#.#
#.....####.


You could see an orc priest and a kobold.

Vanquished Creatures
  Natasha (thrice) (D:2)
  A gnoll (D:3)
  6 orcs (D:2)
  2 bats
  4 endoplasms
  2 giant cockroaches
  A hobgoblin (D:1)
  2 kobolds
  3 quokkas
  2 ball pythons (D:2)
  10 frilled lizards
  4 goblins
  9 rats
49 creatures vanquished.

Vanquished Creatures (others)
  A fungus (D:2)
1 creature vanquished.

Grand Total: 50 creatures vanquished

Notes
Turn   | Place    | Note
-------+----------+-------------------------------------------
     0 | D:1      | qeuew the Tengu Hunter began the quest for the Orb.
     0 | D:1      | Reached XP level 1. HP: 12/12 MP: 2/2
   217 | D:1      | Found Pemaich's Weapon Boutique.
   254 | D:1      | Reached XP level 2. HP: 17/17 MP: 3/3
   912 | D:2      | Noticed Natasha
   916 | D:2      | Noticed a crimson imp
   918 | D:2      | Reached XP level 3. HP: 20/21 MP: 4/4
   922 | D:2      | Killed Natasha
   923 | D:2      | Reached skill level 1 in Armour
   978 | D:2      | Found Araiguth's Distillery.
   981 | D:2      | Bought a potion of degeneration for 13 gold pieces
  1028 | D:2      | Reached skill level 5 in Ranged Weapons
  1115 | D:2      | Found a faded altar of an unknown god.
  1153 | D:2      | Reached XP level 4. HP: 11/27 MP: 5/5
  1167 | D:2      | Gained mutation: You are somewhat resistant to further
                  | mutation. [potion of mutation]
  1292 | D:2      | Noticed Natasha
  1298 | D:2      | Killed Natasha
  1302 | D:2      | Identified the +4 whip "Satuw" {vorpal, rF+}
  1569 | D:2      | Noticed Natasha
  1575 | D:2      | Killed Natasha
  1629 | D:2      | Gained mutation: Your magical nature lets you fly swiftly
                  | and evasively. [Tengu growth]
  1629 | D:2      | Reached XP level 5. HP: 31/31 MP: 6/6
  1806 | D:2      | Found a runed translucent door.
  1807 | D:2      | Noticed Crazy Yiuf
  1910 | D:2      | Killed from afar by an orc priest

Illustrated notes

Levels and vault maps discovered:
D:1:      dpeg_arrival_oval, layout_basic, serial_shops,
          nicolae_shop_bloodbath_and_beyond, nrook_uturn, minmay_misc_feat_cross
D:2:      layout_basic, ebering_ecumenical_altar_webs, serial_shops,
          nicolae_shop_behind_doors, minmay_lizard_pond, uniq_natasha,
          uniq_crazy_yiuf_cottage
D:3:      minmay_chambers_of_twos, layout_loops_corners, lemuel_crystal_altar,
          nicolae_dithmenos_the_darkroom, guppyfry_early_orc_mine

Skill      XL: |  1  2  3  4  5 |
---------------+----------------+-----
Armour         | 1 |  1.8
Ranged Weapons | 5 |  5.5
Stealth        | 2 |  2.0
Dodging        | 3 |  3.0
Fighting       | |  2.6

Action                   |  1- 3 |  4- 6 || total
-------------------------+-------+-------++-------
 Fire: Shortbow          |    62 |    55 ||   117
  Use: Scroll            |     2 |     2 ||     4
       Potion            |       |     1 ||     1
Armor: Leather armour    |    12 |     7 ||    19
Dodge: Dodged            |    14 |    53 ||    67

Table legend: (Time is in decaauts)
 A = Elapsed time spent in this place.
 B = Non-inter-level travel time spent in this place.
 C = Inter-level travel time spent in this place.
 D = Time resting spent in this place.
 E = Time spent auto-exploring this place.
 F = Levels seen in this place.
 G = Mean time per level.
                   A        B        C        D        E       F      G
               +--------+--------+--------+--------+--------+-----+--------+
         Total |   1924 |   1878 |     46 |     42 |   1596 |   3 |  641.3 |
       Dungeon |   1924 |   1878 |     46 |     42 |   1596 |   3 |  641.3 |
               +--------+--------+--------+--------+--------+-----+--------+

Top non-repeatable levels by time:
     D:2: 1076 daAuts
     D:1: 834 daAuts
     D:3: 14 daAuts
